 Dungeon Crawl Stone Soup version 0.25-a0-413-g3b4b6a4ccc (webtiles) character file.

Game seed: 10873580214897243107, levelgen mode: deterministic

11353 Borgoz the Cleaver (level 11, -15/151 HPs)
             Began as a Minotaur Berserker on Jan 16, 2020.
             Was a High Priest of Trog.
             Demolished by an enormous slime creature (52 damage)
             ... on level 12 of the Dungeon.
             The game lasted 00:13:00 (9067 turns).

Borgoz the Cleaver (Minotaur Berserker)             Turns: 9067, Time: 00:13:00

Health: -15/151    AC: 18    Str: 28    XL:     11   Next: 48%
Magic:  3/3        EV: 13    Int:  4    God:    Trog [*****.]
Gold:   888        SH: 14    Dex: 21    Spells: 10/10 levels left

rFire    . . .     SeeInvis .   H - +2 war axe (antimagic)
rCold    . . .     Gourm    +   u - +1 shield of the Constellations {rElec Str+2 Dex+7}
rNeg     . . .     Faith    .   d - +0 plate armour
rPois    .         Spirit   .   (helmet restricted)
rElec    +         Reflect  .   e - +1 cloak
rCorr    .         Harm     .   E - +0 pair of gloves
MR       .....                  (no boots)
Stlth    ..........             f - amulet of the gourmand
HPRegen  0.35/turn              (no ring)
MPRegen  0.08/turn              (no ring)

@: berserking, very quick
A: retaliatory headbutt, horns 2
a: Berserk, Trog's Hand, Brothers in Arms, Renounce Religion


You were on level 12 of the Dungeon.
You worshipped Trog.
Trog was extremely pleased with you.
You were very full.

You visited 1 branch of the dungeon, and saw 12 of its levels.
You also visited: Sewer and Ossuary.

You collected 888 gold pieces.

Inventory:

Hand Weapons
 y - a +6 dire flail
 H - a +2 antimagic war axe (weapon)
Missiles
 F - a throwing net (quivered)
Armour
 d - a +0 plate armour (worn)
 e - a +1 cloak (worn)
 u - the +1 shield of the Constellations (worn) {rElec Str+2 Dex+7}
   (You found it on level 6 of the Dungeon)

   It affects your strength (+2).
   It affects your dexterity (+7).
   It insulates you from electricity.
 E - a +0 pair of gloves (worn)
Jewellery
 f - an amulet of the gourmand (around neck)
 x - an uncursed amulet of guardian spirit
Wands
 a - a wand of digging (5)
 r - a wand of disintegration (25)
 z - a wand of iceblast (10)
 A - a wand of scattershot (2)
Scrolls
 b - a scroll of enchant weapon {unknown}
 h - 5 scrolls of teleportation
 i - 4 scrolls of immolation
 j - 9 scrolls of remove curse
 m - 3 scrolls of fear
 p - 2 scrolls of holy word {unknown}
 q - 4 scrolls of blinking
 s - a scroll of summoning {unknown}
 t - 2 scrolls of magic mapping
 v - 5 scrolls of silence
 w - 2 scrolls of enchant armour
 C - a scroll of acquirement {unknown}
 D - a scroll of fog
 G - a scroll of random uselessness {unknown}
Potions
 g - 3 potions of brilliance {unknown}
 k - 8 potions of curing
 l - 2 potions of agility
 n - a potion of heal wounds
 o - 2 potions of haste
 B - a potion of flight {unknown}
Comestibles
 c - 16 rations


   Skills:
 + Level 10.8 Fighting
 + Level 10.8 Axes
 + Level 10.5 Armour
 + Level 9.7 Dodging
 + Level 7.9 Shields


You had 10 spell levels left.
You didn't know any spells.
Your spell library was empty.

Dungeon Overview and Level Annotations

Branches:
Dungeon (12/15)            Temple (0/1) D:6            Lair (0/6) D:9
    Orc (0/2) D:9           Sewer (visited)         Ossuary (visited)

Altars:
Cheibriados
Dithmenos
Elyvilon
Hepliaklqana
Makhleb
Qazlal
Ru
Uskayaw
Vehumet
Yredelemnul
Zin
The Shining One


Innate Abilities, Weirdness & Mutations

You reflexively headbutt those who attack you in melee.
You have a pair of horns on your head.


Message History

You feel yourself moving faster!
You feel mighty!
The very large slime creature hits you!!!
* * * LOW HITPOINT WARNING * * *
You hear a shout!
You slice the very large slime creature!!
You headbutt the very large slime creature!
The very large slime creature is severely wounded.
Two slime creatures merge to form an enormous slime creature.
You slash the enormous slime creature!
You headbutt the enormous slime creature!
The enormous slime creature is heavily wounded.
You slice the enormous slime creature!!
You headbutt the enormous slime creature!
The enormous slime creature is severely wounded.
The enormous slime creature hits you but does no damage.
You slash the enormous slime creature!
You headbutt the enormous slime creature!
The enormous slime creature is almost dead.
The enormous slime creature hits you!!!
You die... ..##########.# .....JJ@(...# ####.#######.#

You could see an enormous slime creature and a jelly.

Vanquished Creatures
  Harold (D:10)
  2 two-headed ogres (D:9)
  The ghost of FessEmpty the Frost Mage, a novice DEIE (D:5)
  A troll (D:10)
  Prince Ribbit (D:6)
  A hornet (D:11)
  3 hippogriffs
  6 yaks (D:10)
  3 wargs (D:9)
  4 orc warriors
  Purgy (Sewer)
  2 ice beasts
  7 phantoms
  A necrophage (D:8)
  3 sky beasts
  An eye of draining (D:8)
  8 ogres
  4 centaurs
  A big kobold (D:9)
  4 bullfrogs
  2 wyvern skeletons
  2 scorpions
  30 killer bees
  2 electric eels (D:10)
  A howler monkey (D:5)
  5 crimson imps
  6 centaur zombies
  4 hounds
  3 jellies
  10 orc priests
  20 orc wizards
  3 bullfrog skeletons
  7 iguanas
  3 worker ants
  2 big kobold zombies (Ossuary)
  A hound skeleton (D:4)
  2 hound zombies
  4 mummies (Ossuary)
  A worker ant zombie (D:7)
  A gnoll (D:6)
  10 adders
  3 shadow imps
  An ooze (D:2)
  4 adder skeletons
  An adder zombie (D:9)
  3 worms
  A dart slug (D:1)
  3 leopard geckos
  47 orcs
  10 bats
  6 giant cockroaches
  3 goblins
  3 hobgoblins (D:1)
  14 jackals
  2 quokkas
  3 frilled lizards
  A hobgoblin zombie (Ossuary)
  13 kobolds
  5 rats
  A fungus (D:8)
298 creatures vanquished.

Vanquished Creatures (others)
  4 fungi (D:8)
  2 plants (D:10)
  5 toadstools (D:8)
11 creatures vanquished.

Grand Total: 309 creatures vanquished

Notes
Turn   | Place    | Note
-------+----------+-------------------------------------------
     0 | D:1      | Borgoz the Minotaur Berserker began the quest for the Orb.
     0 | D:1      | Reached XP level 1. HP: 19/19 MP: 0/0
   306 | D:1      | Reached XP level 2. HP: 26/27 MP: 1/1
  1063 | D:2      | Reached XP level 3. HP: 25/33 MP: 2/2
  1300 | D:2      | Found a glowing golden altar of the Shining One.
  1336 | D:2      | Found a hide-covered altar of Uskayaw.
  1405 | D:2      | Found a sacrificial altar of Ru.
  1535 | D:3      | Reached ** piety under Trog
  1742 | D:3      | Reached XP level 4. HP: 41/41 MP: 3/3
  1754 | D:3      | Found a glowing drain.
  1759 | Sewer    | Entered a sewer
  1766 | Sewer    | Noticed Purgy
  1777 | Sewer    | Killed Purgy
  1777 | Sewer    | Reached XP level 5. HP: 47/47 MP: 4/4
  2253 | D:3      | Found a burning altar of Makhleb.
  2255 | D:3      | Noticed a cacodemon
  2257 | D:3      | Found a glowing silver altar of Zin.
  2257 | D:3      | Noticed an angel
  2713 | D:4      | Reached skill level 5 in Fighting
  2717 | D:4      | Reached skill level 5 in Axes
  2778 | D:4      | Reached XP level 6. HP: 45/56 MP: 5/5
  3491 | D:5      | Entered Level 5 of the Dungeon
  3515 | D:5      | Reached skill level 5 in Armour
  3515 | D:5      | Reached XP level 7. HP: 51/62 MP: 6/6
  3562 | D:5      | Found a shadowy altar of Dithmenos.
  3562 | D:5      | You fall into a shaft and drop 2 floors!
  3599 | D:7      | Reached skill level 5 in Dodging
  3669 | D:7      | Found a sand-covered staircase.
  3691 | Ossuary  | Entered an ossuary
  3836 | Ossuary  | Reached XP level 8. HP: 71/71 MP: 7/7
  3841 | Ossuary  | Reached *** piety under Trog
  4264 | D:6      | Got a dazzling shield
  4270 | D:6      | Identified the +1 shield of the Constellations {rElec Str+2
                  | Dex+7} (You found it on level 6 of the Dungeon)
  4560 | D:6      | Reached skill level 1 in Shields
  4585 | D:6      | Noticed Prince Ribbit
  4605 | D:6      | Killed Prince Ribbit
  4605 | D:6      | Reached XP level 9. HP: 81/81 MP: 8/8
  4618 | D:6      | Reached **** piety under Trog
  4781 | D:5      | Found a stormy altar of Qazlal.
  4861 | D:5      | Found a transporter.
  4863 | D:5      | Found a transporter.
  4867 | D:5      | Noticed FessEmpty's ghost (novice DEIE)
  4895 | D:5      | Killed FessEmpty's ghost
  5468 | D:6      | Found a staircase to the Ecumenical Temple.
  5553 | D:7      | Found a snail-covered altar of Cheibriados.
  5753 | D:7      | Found a faded altar of an unknown god.
  5753 | D:7      | Found a basalt altar of Yredelemnul.
  5762 | D:7      | Found a radiant altar of Vehumet.
  5764 | D:7      | Found a sacrificial altar of Ru.
  5767 | D:7      | Found a faded altar of an unknown god.
  5883 | D:8      | Found a hazy altar of Hepliaklqana.
  5926 | D:8      | Reached ***** piety under Trog
  5926 | D:8      | Received a gift from Trog
  6101 | D:8      | Reached XP level 10. HP: 72/91 MP: 9/9
  6183 | D:8      | You fall into a shaft and drop 2 floors!
  6183 | D:10     | Entered Level 10 of the Dungeon
  6234 | D:10     | Reached skill level 5 in Shields
  6430 | D:9      | Found a white marble altar of Elyvilon.
  6529 | D:9      | Noticed a two-headed ogre
  6536 | D:9      | Killed a two-headed ogre
  6568 | D:9      | Received a gift from Trog
  6578 | D:9      | Found a staircase to the Orcish Mines.
  6646 | D:9      | Noticed a two-headed ogre
  6660 | D:9      | Killed a two-headed ogre
  6660 | D:9      | Reached skill level 10 in Fighting
  6660 | D:9      | Reached skill level 10 in Axes
  6925 | D:9      | Reached XP level 11. HP: 84/99 MP: 10/10
  6970 | D:9      | Found a staircase to the Lair.
  7157 | D:10     | Reached skill level 10 in Armour
  7511 | D:10     | Noticed Harold
  7531 | D:10     | Killed Harold
  8090 | D:11     | Received a gift from Trog
  9067 | D:12     | Demolished by an enormous slime creature

Levels and vault maps discovered:
D:1:      sevenhm_arrival_forest_fort_large_4, layout_basic
D:2:      layout_loops_cross, minitemple, nicolae_ru_the_path_less_chosen
D:3:      layout_loops_corners, grunt_temple_overflow_order_and_chaos_2,
          gup_sewer_entry_bowl
D:4:      layout_loops_ring
D:5:      layout_rooms, grunt_qazlal_clouds, overflow_temple_1_default,
          gammafunk_ghost_smash, first_ration
D:6:      layout_basic, minmay_temple_entry_enclosed_plants, grunt_tough_drop,
          uniq_prince_ribbit1
D:7:      layout_rooms, chequers_temple_overflow_minitemple,
          nicolae_overflow_crystal_walls, nicolae_ossuary_entry_false_entrances
D:8:      layout_basic, overflow_temple_1_default, serial_shops, shop,
          grunt_pizzeria, minmay_gold_behind_fungi
D:9:      layout_roguey, nicolae_overflow_hidden_temple,
          erik_lair_orcish_takeover, orc_0_dummy
D:10:     layout_layer_cave, serial_bayou, serial_bayou_pond_c,
          serial_bayou_shore_b, serial_bayou_ford_a, serial_bayou_crossing,
          uniq_harold
D:11:     layout_stronghold
D:12:     gargoyle_guard, layout_loops_ring, basic_altar, uniq_frances,
          uniq_maggie, uniq_nergalle

Skill      XL: |  1  2  3  4  5  6  7  8  9 10 11 |
---------------+----------------------------------+-----
Axes           | 4 5 6 7 9 10 | 10.8
Fighting       | 4 5 6 7 9 10 | 10.8
Armour         | 3 4 5 6 7 8 9 10 | 10.5
Dodging        | 3 4 5 6 7 9 |  9.7
Shields        | 2 4 6 7 |  7.9

Action                   |  1- 3 |  4- 6 |  7- 9 | 10-12 || total
-------------------------+-------+-------+-------+-------++-------
Melee: Hand axe          |    80 |   131 |   336 |   276 ||   823
       Headbutt          |    13 |    22 |   100 |   111 ||   246
       War axe           |       |       |       |    63 ||    63
Invok: Berserk           |       |     3 |     3 |     2 ||     8
       Trog's Hand       |       |       |     1 |       ||     1
  Use: Scroll            |     9 |     2 |     5 |     3 ||    19
       Potion            |       |       |     1 |       ||     1
  Eat: Chunk             |     3 |     8 |    26 |    12 ||    49
Armor: Animal skin       |    24 |     7 |       |       ||    31
       Plate armour      |       |    61 |   148 |   132 ||   341
       Ring mail         |       |     3 |       |       ||     3
Dodge: Dodged            |    50 |    65 |   123 |   138 ||   376
Block: Shield            |       |       |   107 |   225 ||   332

Table legend:
 A = Non-vault XP
 B = Vault XP
 C = Vault XP percentage of total XP
 D = Non-vault monster count
 E = Vault monster count
 F = Vault count percentage of total count
                 A         B        C        D         E       F
            +---------+---------+-------+---------+---------+-------
      Total |   13137 |    3082 |  19.0 |     258 |      39 |  13.1
            +---------+---------+-------+---------+---------+-------
        D:1 |      25 |       0 |   0.0 |      14 |       0 |   0.0
        D:2 |      59 |       0 |   0.0 |      10 |       0 |   0.0
        D:3 |      19 |       7 |  26.9 |      13 |       4 |  23.5
        D:4 |     398 |       0 |   0.0 |      26 |       0 |   0.0
        D:5 |     322 |     558 |  63.4 |      20 |       3 |  13.0
        D:6 |     669 |     389 |  36.8 |      20 |       5 |  20.0
        D:7 |    1399 |       0 |   0.0 |      27 |       0 |   0.0
        D:8 |    1423 |       0 |   0.0 |      25 |       0 |   0.0
        D:9 |    3977 |     660 |  14.2 |      36 |       9 |  20.0
       D:10 |    3258 |    1018 |  23.8 |      38 |       1 |   2.6
       D:11 |    1588 |       0 |   0.0 |      29 |       0 |   0.0
      Sewer |       0 |     144 | 100.0 |       0 |       6 | 100.0
    Ossuary |       0 |     306 | 100.0 |       0 |      11 | 100.0
            +---------+---------+-------+---------+---------+-------
